 Dungeon Crawl Stone Soup version 0.23.2-1-ga50397a (webtiles) character file.

Game seed: 10036319427856193652

53 whitewolfNL the Cudgeler (level 3, 0/33 HPs)
             Began as a Minotaur Berserker on May 21, 2019.
             Was a Follower of Trog.
             Slain by Robin
             ... wielding a +1 trident of freezing
              (7 damage)
             ... on level 2 of the Dungeon.
             The game lasted 00:04:26 (1256 turns).

whitewolfNL the Cudgeler (Minotaur Berserker)       Turns: 1256, Time: 00:04:26

Health: 0/33       AC:  3    Str: 21    XL:     3   Next: 62%
Magic:  2/2        EV: 12    Int:  4    God:    Trog [*.....]
Gold:   40         SH:  0    Dex: 10    Spells: 2/2 levels left

rFire    . . .     SeeInvis .   a - +0 mace
rCold    . . .     Gourm    .   (no shield)
rNeg     . . .     Faith    .   b - +0 animal skin
rPois    .         Spirit   .   (helmet restricted)
rElec    .         Reflect  .   (no cloak)
rCorr    .         Harm     .   e - +0 pair of gloves
MR       .....                  (no boots)
Stlth    +.........             (no amulet)
HPRegen  0.11/turn              (no ring)
MPRegen  0.08/turn              (no ring)

@: lethally poisoned (0 -> -8), berserk cooldown, slowed, very slow
A: retaliatory headbutt, horns 2
a: Berserk, Renounce Religion


You were on level 2 of the Dungeon.
You worshipped Trog.
Trog was aware of your devotion.
You were hungry.

You visited 1 branch of the dungeon, and saw 2 of its levels.

You collected 40 gold pieces.

Inventory:

Hand Weapons
 a - a +0 mace (weapon)
Missiles
 j - 9 stones (quivered)
 m - 24 bolts
Armour
 b - a +0 animal skin (worn)
 e - a +0 pair of gloves (worn)
 n - a +0 ring mail
Jewellery
 h - an uncursed ring of protection from fire {unknown}
Scrolls
 f - a scroll of enchant armour {unknown}
 g - a scroll of teleportation {unknown}
 i - 5 scrolls of identify {unknown}
Potions
 k - a potion of degeneration {unknown}
 l - a potion of might {unknown}
Comestibles
 c - 2 rations
 d - 2 chunks of flesh


   Skills:
 * Level 4.0 Fighting
 * Level 4.2 Maces & Flails
 * Level 1.1 Throwing
 + Level 2.8 Armour
 * Level 2.6 Dodging
 - Level 1.0 Stealth


You had 2 spell levels left.
You didn't know any spells.
Your spell library was empty.

Dungeon Overview and Level Annotations

Branches:
Dungeon (2/15)

Altars:

Annotations:
D:2 Robin


Innate Abilities, Weirdness & Mutations

You reflexively headbutt those who attack you in melee.
You have a pair of horns on your head.


Message History

Robin is heavily wounded.
You feel sick.
The hobgoblin no longer looks unusually strong.
The goblin no longer looks unusually strong.
Robin hits you but does no damage.
Robin hits you with a +1 trident of freezing.
Robin freezes you.
You hit Robin. Your headbutt misses Robin.
Robin is heavily wounded.
You feel sick.
The goblin no longer looks unusually strong.
Robin throws the goblin at you!
* * * LOW HITPOINT WARNING * * *
The goblin unwields a +0 hunting sling.
The goblin misses you.
You hit Robin but do no damage. Your headbutt misses Robin.
Robin is heavily wounded.
* * * LOW HITPOINT WARNING * * *
You feel sick.
Robin hits you with a +1 trident of freezing!
You die...

...............
.............#
......ggg....# .
#.....gg.$...# ..#
##†#g# ...# #.<.g#
####....# #.)..#
#... ..
..###...g###.##.####
........gg@g.)...>.#
...##...g###.#######
## #..).# #.# #....#
#.####### #....#
#.......# #^...#
#.#####.# ####.. ###
#.# ... #.# ...# #.#


You could see Robin, a hobgoblin and 3 goblins.

Vanquished Creatures
  2 oozes (D:1)
  A dart slug (D:1)
  2 leopard geckos
  4 bats (D:1)
  4 giant cockroaches
  5 hobgoblins
  4 kobolds
  A quokka (D:2)
  3 frilled lizards (D:1)
  8 goblins
  A rat (D:1)
35 creatures vanquished.

Notes
Turn   | Place    | Note
-------+----------+-------------------------------------------
     0 | D:1      | whitewolfNL the Minotaur Berserker began the quest for the
                  | Orb.
     0 | D:1      | Reached XP level 1. HP: 19/19 MP: 0/0
    62 | D:1      | Reached XP level 2. HP: 22/27 MP: 1/1
   588 | D:1      | Reached skill level 1 in Stealth
   687 | D:1      | Reached XP level 3. HP: 33/33 MP: 2/2
   996 | D:2      | Noticed Robin
  1010 | D:1      | Reached skill level 1 in Throwing
  1256 | D:2      | Slain by Robin

Skill      XL: |  1  2  3 |
---------------+----------+-----
Maces & Flails | 4 |  4.2
Stealth        | 1 |  1.0
Fighting       | 4 |  4.0
Throwing       | 1 |  1.1
Armour         | |  2.8
Dodging        | |  2.6

Action                   || total
-------------------------++-------
Melee: Mace              ||    53
       Headbutt          ||    11
Invok: Berserk           ||     3
  Eat: Chunk             ||     3
Armor: Animal skin       ||    18
Dodge: Dodged            ||    44
